 Dungeon Crawl Stone Soup version 0.25-a0-510-ge065f6de7d (webtiles) character file.

Game seed: 5121922581707636134, levelgen mode: classic

10654 EnegeticOcto the Cleaver (level 11, -17/99 HPs)
             Began as a Deep Dwarf Fighter on Feb 15, 2020.
             Was a Priest of Makhleb.
             Demolished by a minotaur
             ... wielding the +8 demon blade "Leech" {vamp, *Rage +Rage rN+}
              (55 damage)
             ... in a Gauntlet.
             The game lasted 00:07:17 (6326 turns).

EnegeticOcto the Cleaver (Deep Dwarf Fighter)       Turns: 6326, Time: 00:07:17

Health: -17/99     AC:  9    Str: 23    XL:     11   Next: 39%
Magic:  6/6        EV: 18    Int: 10    God:    Makhleb [***...]
Gold:   335        SH: 13    Dex: 21    Spells: 10/10 levels left

rFire    + . .     SeeInvis .   y - +5 war axe
rCold    . . .     Gourm    .   c - +1 kite shield
rNeg     . . .     Faith    .   b - +3 salamander hide armour {+Rage rF++}
rPois    +         Spirit   .   (no helmet)
rElec    .         Reflect  .   (no cloak)
rCorr    +         Harm     .   f - +0 pair of gloves
MR       +....     NoTele   +   F - +0 pair of boots of Bililoaw {rPois rF- Str-4 Dex+9} (curse)
Stlth    ++........             (no amulet)
HPRegen  0.00/turn              i - +1 ring of evasion
MPRegen  0.10/turn              A - ring of resist corrosion

@: mighty, non-regenerating
A: damage resistance, heal wounds, sense surroundings 2, no regeneration
a: Heal Wounds, Minor Destruction, Lesser Servant of Makhleb, Renounce Religion,
Evoke Berserk Rage


You were in a Gauntlet.
You worshipped Makhleb.
Makhleb was most pleased with you.
You were full.

You visited 2 branches of the dungeon, and saw 12 of its levels.
You also visited: Sewer and Gauntlet.

You collected 510 gold pieces.
You spent 175 gold pieces at shops.

Inventory:

Hand Weapons
 a - a +0 war axe
 q - a +2 hand axe of distortion
 y - a +5 war axe (weapon)
 z - a +2 war axe of flaming
Armour
 b - the +3 salamander hide armour (worn) {+Rage rF++}
   (You found it in a Gauntlet)

   It greatly protects you from fire.
   It lets you go berserk.
   If you remove this armour, your AC will decrease by 7 (9 -> 2).
 c - a +1 kite shield (worn)
 f - a +0 pair of gloves (worn)
 C - a +0 chain mail
 F - the cursed +0 pair of boots of Bililoaw (worn) {rPois rF- Str-4 Dex+9}
   (You found it in a Gauntlet)

   It affects your strength (-4).
   It affects your dexterity (+9).
   It makes you vulnerable to fire.
   It protects you from poison.
   If you remove this armour, your AC will decrease by 1 (9 -> 8).
   It has a curse placed upon it.
Jewellery
 i - a +1 ring of evasion (left hand)
 A - a ring of resist corrosion (right hand)
Wands
 w - a wand of flame (31)
 x - a wand of enslavement (6)
 D - a wand of iceblast (8)
Scrolls
 h - 4 scrolls of remove curse {@r6}
 r - a scroll of magic mapping {@r5}
 s - 2 scrolls of fog
 t - a scroll of fear
 u - 3 scrolls of enchant weapon
 v - 2 scrolls of brand weapon
 B - a scroll of identify {@r1}
Potions
 d - a potion of ambrosia
 g - a potion of degeneration
 j - a potion of haste {@q4}
 k - a potion of might {@q3}
 l - 2 potions of resistance {@q6}
 m - a potion of flight
 n - 5 potions of curing {@q1}
 o - 4 potions of heal wounds {@q2}
 p - a potion of lignification {@q7}
 E - a potion of cancellation {unknown}
Comestibles
 e - 14 rations


   Skills:
 + Level 6.8 Fighting
 * Level 11.0 Axes
 + Level 8.3 Armour
 + Level 7.4 Dodging
 + Level 8.1 Shields
 * Level 8.4 Invocations


You had 10 spell levels left.
You didn't know any spells.
Your spell library contained the following spells:

 Spells                   Type           Power        Failure   Level  Hunger
 Foxfire                  Conj/Fire      #...         71%         1    ##.....
 Conjure Flame            Conj/Fire      #.......     97%         3    ####...
 Inner Flame              Hex/Fire       #.......     97%         3    ####...
 Sticky Flame             Conj/Fire      #.......     100%        4    #####..
 Fireball                 Conj/Fire      #.........   100%        5    ######.


Dungeon Overview and Level Annotations

Branches:
Dungeon (11/15)            Temple (1/1) D:6            Lair (0/6) D:11
  Sewer (visited)         Gauntlet (1/1)
    Orc: D:9-12

Altars:
Ashenzari
Cheibriados
Dithmenos
Elyvilon
Fedhas
Gozag
Hepliaklqana
Kikubaaqudgha
Makhleb
Nemelex Xobeh
Qazlal
Ru
Sif Muna
Trog
Uskayaw
Vehumet
Wu Jian
Xom
Yredelemnul
Zin
The Shining One

Shops:
D:9 *

Annotations:
D:5 1 exclusion
D:6 Edmund
D:8 3 runed translucent doors, aborigeno's ghost, novice DrCj Gauntlet 10 transporters, 21 runed translucent doors, exclusion: orange crystal statue


Innate Abilities, Weirdness & Mutations

You are resistant to damage.
You can heal yourself by infusing magical energy.
You passively map the area around you.
You do not regenerate.


Message History

You are too injured to fight recklessly!
You are too injured to fight recklessly!
Your magical essence is drained by the effort!
You feel much better. The large abomination hits you!
You feel much better.
You block the large abomination's attack.
You hit the large abomination but do no damage.
The large abomination is heavily damaged.
The large abomination hits you!
You slash the large abomination!
The large abomination is almost destroyed.
The large abomination misses you.
You slice the large abomination!!
You destroy the large abomination!
Makhleb accepts your kill.
You feel better.
No reachable target in view!
No reachable target in view!
No reachable target in view!
No reachable target in view!
No reachable target in view!
No reachable target in view!
No reachable target in view!
No reachable target in view!
No reachable target in view!
No reachable target in view!
No reachable target in view!
No reachable target in view!
You eat one of the 16 rations.
That ration really hit the spot!
There is a transporter here.
You eat one of the 15 rations.
That ration really hit the spot!
You enter the transporter and appear at another place.
s - 2 scrolls of fog (gained 1) Really walk into a travel-excluded area?
You see here a pair of brightly glowing boots.
F - a pair of brightly glowing boots
There is a transporter here.
You enter the transporter and appear at another place.
You start putting on your armour.
You continue putting on your pair of brightly glowing boots. x4
You finish putting on the cursed +0 pair of boots of Bililoaw {rPois rF- Str-4 Dex+9}.
You feel weaker.
You feel agile.
Oops, that feels deathly cold.
You start removing your armour.
You continue taking off your +0 chain mail. x4
You finish taking off your +0 chain mail.
You start putting on your armour.
You continue putting on the +3 salamander hide armour {+Rage rF++}. x5
You finish putting on the +3 salamander hide armour {+Rage rF++}.
You feel much better.
You open the door.
A minotaur comes into view.
It is wielding the +8 demon blade "Leech" {vamp, *Rage +Rage rN+} and quivering 16 silver javelins.
The minotaur bellows!
A minotaur zombie comes into view.
Found a runed morningstar.
Found a gate leading back out of this place.
You feel very mighty all of a sudden.
The minotaur throws a silver javelin.
The silver javelin pierces through you!
A demon appears!
The minotaur throws a silver javelin.
The silver javelin pierces through you!!
You block the minotaur's attack. The minotaur closely misses you.
There is an open door here.
You slash the minotaur!
The minotaur is lightly wounded.
The minotaur goes berserk!
The minotaur hits you with the +8 demon blade "Leech" {vamp, *Rage +Rage rN+}!!!
* * * LOW HITPOINT WARNING * * *
The minotaur draws strength from your wounds!
The minotaur gores you.
* * * LOW HITPOINT WARNING * * *
Your ynoxinul gestures.
You are too injured to fight recklessly!
You are too injured to fight recklessly!
You swap places.
The minotaur hits your ufetubus with the +8 demon blade "Leech" {vamp, *Rage +Rage rN+}!
Your ufetubus dies!
You feel much better.
The minotaur rages.
The minotaur hits your ynoxinul with the +8 demon blade "Leech" {vamp, *Rage +Rage rN+}!
The minotaur gores your ynoxinul!!
Your ynoxinul dies!
Your ufetubus disappears in a puff of smoke!
You feel much better.
The minotaur hits you with the +8 demon blade "Leech" {vamp, *Rage +Rage rN+}!!
The minotaur closely misses you.
Unknown command.
Your magical essence is drained by the effort!
You feel much better.
The minotaur hits you with the +8 demon blade "Leech" {vamp, *Rage +Rage rN+}!!!
* * * LOW HITPOINT WARNING * * *
The minotaur gores you!!
* * * LOW HITPOINT WARNING * * *
You feel much better. The minotaur closely misses you. The minotaur gores you!!
* * * LOW HITPOINT WARNING * * *
You block the minotaur's attack. The minotaur closely misses you.
You feel much better.
The minotaur hits you with the +8 demon blade "Leech" {vamp, *Rage +Rage rN+}!!!
Ouch! That really hurt!
You die...

..##.#..#####
...#.#..#≈8≈#
©....#..#...# ###
...#.####.8.# ..#
..##.#©.....##.#.# *
.##..####.8....#.# #
Zss..#..#...##.#.# '##
######..#.8.##...# .⌠.#
.......≈#...##.#@##∩...#
.......∩#.8....#.HZ...⌠+
.......≈#...##.#(##.⌠..#
######..#.8.##5..# *+###
©.#..#..#...##.#.# *,*
8#...####.8....#.# *
^#.^.#©.....##.#.#
#....####.8.##...#
##^..#..#§..######


You could see a minotaur (berserk) and a minotaur zombie.

Vanquished Creatures
  2 two-headed ogres
  A tengu warrior (D:10)
  An unseen horror (D:10)
  Pikel (D:5)
  Psyche (D:9)
  Joseph (D:9)
  A troll (D:10)
  Grinder (D:3)
  2 hippogriffs
  A large abomination (Gauntlet)
  2 steam dragons (D:8)
  3 wargs (D:11)
  Menkaure (D:6)
  A soldier ant (D:10)
  2 orc warriors
  A small abomination (Gauntlet)
  A black bear (D:8)
  3 sky beasts
  4 slaves (D:5)
  An ice beast (D:10)
  6 ogres
  2 centaurs
  5 big kobolds
  5 bullfrogs
  A wyvern skeleton (D:6)
  14 killer bees
  6 scorpions
  12 wights
  3 howler monkeys (D:8)
  5 crimson imps
  2 bullfrog zombies
  3 quasits
  2 hounds
  4 orc priests
  12 orc wizards
  2 bullfrog skeletons
  2 centaur skeletons (D:4)
  6 iguanas
  4 worker ants
  A killer bee zombie (D:7)
  A hound zombie (D:5)
  A hound skeleton (D:4)
  2 worker ant zombies (D:4)
  2 howler monkey zombies
  14 adders
  3 river rats (Sewer)
  A shadow imp (D:5)
  An ooze (Sewer)
  4 adder zombies
  3 adder skeletons
  5 worms
  A dart slug (D:1)
  2 leopard geckos
  30 orcs
  7 ball pythons
  2 giant cockroaches
  6 goblins
  2 hobgoblins
  4 jackals
  2 quokkas
  A ball python skeleton (D:4)
  10 bats
  4 frilled lizards
  A giant cockroach zombie (D:4)
  A jackal skeleton (D:4)
  28 kobolds
  A leopard gecko zombie (D:4)
  A quokka zombie (D:4)
  22 rats
  A plant (D:10)
291 creatures vanquished.

Vanquished Creatures (others)
  2 centaurs
  A scorpion (D:5)
  A crimson imp (D:7)
  A centaur zombie (D:7)
  A hound (D:6)
  A bullfrog skeleton (D:6)
  An orc (D:5)
  A plant (D:5)
9 creatures vanquished.

Grand Total: 300 creatures vanquished

Notes
Turn   | Place    | Note
-------+----------+-------------------------------------------
     0 | D:1      | EnegeticOcto the Deep Dwarf Fighter began the quest for the
                  | Orb.
     0 | D:1      | Reached XP level 1. HP: 20/20 MP: 1/1
    65 | D:1      | Reached XP level 2. HP: 27/27 MP: 2/2
   177 | D:2      | Reached skill level 1 in Dodging
   177 | D:2      | Reached XP level 3. HP: 22/33 MP: 3/3
   207 | D:2      | Found a snail-covered altar of Cheibriados.
   216 | D:2      | Reached skill level 3 in Axes
   326 | D:3      | Noticed Grinder
   327 | D:3      | Paralysed by Grinder for 6 turns
   337 | D:3      | Killed Grinder
   337 | D:3      | Reached skill level 4 in Axes
   337 | D:3      | Reached XP level 4. HP: 37/42 MP: 4/4
   337 | D:3      | Reached XP level 5. HP: 43/49 MP: 5/5
   438 | D:3      | Reached XP level 6. HP: 44/56 MP: 6/6
   607 | D:4      | Found a glowing drain.
   619 | D:4      | Reached skill level 5 in Axes
   619 | D:4      | Reached XP level 7. HP: 46/63 MP: 6/6
   643 | Sewer    | Entered a sewer
   831 | Sewer    | Reached skill level 5 in Armour
   980 | Sewer    | Reached skill level 5 in Shields
  1186 | D:4      | Reached skill level 6 in Axes
  1236 | D:4      | Reached XP level 8. HP: 46/73 MP: 5/5
  1572 | D:5      | Entered Level 5 of the Dungeon
  1622 | D:5      | Noticed Pikel
  1659 | D:5      | Killed Pikel
  1659 | D:5      | Reached skill level 7 in Axes
  1697 | D:5      | Found a blossoming altar of Fedhas.
  1856 | D:5      | Reached skill level 5 in Fighting
  1973 | D:5      | Reached skill level 5 in Dodging
  2021 | D:5      | Found a shimmering blue altar of Sif Muna.
  2141 | D:5      | Gained mutation: You passively map the area around you.
                  | [Deep Dwarf growth]
  2141 | D:5      | Reached XP level 9. HP: 58/81 MP: 4/4
  2173 | D:5      | Reached skill level 8 in Axes
  2419 | D:6      | Found a shimmering blue altar of Sif Muna.
  2419 | D:6      | Noticed Menkaure
  2425 | D:6      | Killed Menkaure
  2567 | D:6      | Found a sparkling altar of Nemelex Xobeh.
  2578 | D:6      | Found a white marble altar of Elyvilon.
  2581 | D:6      | Found a radiant altar of Vehumet.
  2711 | D:6      | Found a staircase to the Ecumenical Temple.
  2723 | Temple   | Entered the Ecumenical Temple
  2779 | Temple   | Became a worshipper of Makhleb the Destroyer
  2809 | D:6      | Noticed Edmund
  3136 | D:7      | Reached skill level 1 in Invocations
  3723 | D:8      | Found a runed translucent gate.
  3723 | D:8      | Found a runed translucent gate.
  3723 | D:8      | Found a runed translucent gate.
  3776 | D:8      | Noticed a two-headed ogre
  3790 | D:8      | Killed a two-headed ogre
  3790 | D:8      | Reached skill level 9 in Axes
  3795 | D:8      | Reached XP level 10. HP: 61/91 MP: 5/7
  3949 | D:8      | Reached * piety under Makhleb
  4023 | D:8      | Found a burning altar of Makhleb.
  4074 | D:8      | Noticed aborigeno's ghost (novice DrCj)
  4325 | D:8      | Reached skill level 5 in Invocations
  4496 | D:9      | Found Xuchefy's General Store.
  4504 | D:9      | Bought a potion of resistance for 100 gold pieces
  4504 | D:9      | Bought a scroll of enchant weapon for 75 gold pieces
  4572 | D:9      | Noticed Psyche
  4572 | D:9      | Noticed Joseph
  4583 | D:9      | Killed Psyche
  4589 | D:9      | Killed Joseph
  4589 | D:9      | Reached skill level 10 in Axes
  4590 | D:9      | Noticed a +0 dagger
  4592 | D:9      | Noticed a +0 hand axe
  4703 | D:9      | Found a hide-covered altar of Uskayaw.
  5003 | D:10     | Entered Level 10 of the Dungeon
  5112 | D:10     | Found a basalt altar of Yredelemnul.
  5133 | D:10     | Reached ** piety under Makhleb
  5178 | D:10     | Killed an unseen horror
  5279 | D:10     | Noticed a two-headed ogre
  5294 | D:10     | Killed a two-headed ogre
  5294 | D:10     | Reached XP level 11. HP: 48/99 MP: 8/8
  5696 | D:10     | Noticed a tengu warrior
  5713 | D:10     | Killed a tengu warrior
  5781 | D:11     | Found a gate leading to a gauntlet.
  5863 | D:11     | Reached *** piety under Makhleb
  5876 | Gauntlet | Entered a Gauntlet
  5876 | Gauntlet | Found a transporter.
  5876 | Gauntlet | Found a transporter.
  5881 | Gauntlet | Found a transporter.
  5882 | Gauntlet | Noticed a fire crab
  5896 | Gauntlet | Found a transporter.
  5898 | Gauntlet | Found a large runed translucent door.
  5898 | Gauntlet | Found a large runed translucent door.
  5899 | Gauntlet | Found a large runed translucent door.
  5899 | Gauntlet | Found a large runed translucent door.
  5900 | Gauntlet | Found a large runed translucent door.
  5900 | Gauntlet | Found a runed translucent door.
  5900 | Gauntlet | Found a large runed translucent door.
  5900 | Gauntlet | Found a runed translucent door.
  5900 | Gauntlet | Found a large runed translucent door.
  5900 | Gauntlet | Found a large runed translucent door.
  5901 | Gauntlet | Found a large runed translucent door.
  5901 | Gauntlet | Found a large runed translucent door.
  5904 | Gauntlet | Found a large runed translucent door.
  5904 | Gauntlet | Found a large runed translucent door.
  5906 | Gauntlet | Found a large runed translucent door.
  5906 | Gauntlet | Found a large runed translucent door.
  5906 | Gauntlet | Found a large runed translucent door.
  5908 | Gauntlet | Found a runed translucent gate.
  5908 | Gauntlet | Found a runed translucent gate.
  5908 | Gauntlet | Found a runed translucent gate.
  5909 | Gauntlet | Noticed a wizard
  5910 | Gauntlet | Found a transporter.
  5921 | Gauntlet | Found a large runed translucent door.
  5923 | Gauntlet | Found a transporter.
  5938 | Gauntlet | Noticed a death scarab
  5939 | Gauntlet | Found a transporter.
  6010 | Gauntlet | Found a transporter.
  6021 | Gauntlet | Found a transporter.
  6035 | Gauntlet | Found a transporter.
  6036 | Gauntlet | Found the +3 salamander hide armour {+Rage rF++}
  6048 | Gauntlet | Found a transporter.
  6131 | Gauntlet | Found a transporter.
  6143 | Gauntlet | Noticed a sixfirhy
  6147 | Gauntlet | Found a transporter.
  6148 | Gauntlet | Noticed a death scarab
  6150 | Gauntlet | Found a transporter.
  6150 | Gauntlet | Noticed a catoblepas
  6152 | Gauntlet | Found a transporter.
  6152 | Gauntlet | Noticed an orange crystal statue
  6186 | Gauntlet | Found a transporter.
  6246 | Gauntlet | Reached skill level 11 in Axes
  6287 | Gauntlet | Got a pair of brightly glowing boots
  6296 | Gauntlet | Identified the cursed +0 pair of boots of Bililoaw {rPois
                  | rF- Str-4 Dex+9} (You found it in a Gauntlet)
  6316 | Gauntlet | Noticed a minotaur
  6320 | Gauntlet | HP: 4/99 [minotaur/the +8 demon blade "Leech" {vamp, *Rage
                  | +Rage rN+} (2)]
  6326 | Gauntlet | Demolished by a minotaur

Levels and vault maps discovered:
D:1:      scummos_arrival_checkerplants, layout_basic
D:2:      kennysheep_the_goblin_king, layout_loops_ring, cheibriados_altar_1,
          kennysheep_okawaru_gauntlet
D:3:      layout_loops_ring, uniq_grinder
D:4:      layout_basic, cheibrodos_sewer_entry_bend, serial_undead,
          serial_undead_d, serial_undead_f, serial_undead_a, serial_undead_b,
          serial_undead_c, serial_undead_e
D:5:      old_forge, layout_cave_pools, fedhas_bush_and_centaur_altar,
          led_sif_book, serial_column_ruins, column_ruins_open_medium,
          column_ruins_columns_corner, column_ruins_columns_corner,
          column_ruins_open_tiny, column_ruins_open_small,
          column_ruins_open_tiny, first_ration, uniq_pikel
D:6:      layout_basic, grunt_temple_overflow_diamond,
          minmay_temple_entry_nine_rooms, basic_altar, uniq_menkaure,
          uniq_edmund
D:7:      layout_loops_ring
D:8:      layout_basic, gammafunk_ghost_necromancy, basic_altar
D:9:      layout_roguey, dancing_weapons_uskayaw, serial_shops,
          nicolae_shop_crystal, uniq_joseph, uniq_psyche
D:10:     layout_roguey, grunt_tengu_nest, hangedman_decor_slide_cut,
          grunt_decor_clamped, yredelemnul_altar_generic
D:11:     layout_basic, erik_lair_orcish_takeover, gauntlet_entry_generic,
          uniq_snorg
Temple:   nicolae_temple_great_sept
Gauntlet: gammafunk_gauntlet_branching [gammafunk_gauntlet_arena_chambers,
          gammafunk_gauntlet_arena_crates, nicolae_gauntlet_arena_t_cross,
          gammafunk_gauntlet_arena_split_x, nicolae_gauntlet_arena_grate_2,
          minmay_gauntlet_arena_make_your_own_arena, nicolae_gauntlet_swirl,
          gammafunk_gauntlet_arena_split_diamond, gauntlet_exit_hidden_loot]

Skill      XL: |  1  2  3  4  5  6  7  8  9 10 11 |
---------------+----------------------------------+-----
Dodging        | 1 2 3 5 6 7 |  7.4
Fighting       | 3 4 5 6 |  6.8
Axes           | 4 5 6 7 9 10 11 | 11.0
Armour         | 4 5 6 7 8 |  8.3
Shields        | 4 5 6 7 8 |  8.1
Invocations    | 4 7 8 |  8.4

Action                   |  1- 3 |  4- 6 |  7- 9 | 10-12 || total
-------------------------+-------+-------+-------+-------++-------
Melee: War axe           |    69 |    63 |   292 |   329 ||   753
       Hand axe          |       |       |   159 |       ||   159
Invok: Lesser Servant of |       |       |       |     1 ||     1
 Abil: Heal Wounds       |     1 |     3 |    17 |    22 ||    43
  Use: Potion            |     1 |       |       |     2 ||     3
       Scroll            |       |       |    16 |     2 ||    18
 Stab: Held in net/web   |       |       |     2 |       ||     2
  Eat: Chunk             |       |       |     8 |     6 ||    14
       Ration            |       |       |     1 |     2 ||     3
Armor: Scale mail        |    50 |    27 |   158 |    30 ||   265
       Chain mail        |       |       |       |   100 ||   100
Dodge: Dodged            |    33 |    39 |   224 |   157 ||   453
Block: Kite shield       |    47 |    54 |   333 |   264 ||   698

Table legend:
 A = Non-vault XP
 B = Vault XP
 C = Vault XP percentage of total XP
 D = Non-vault monster count
 E = Vault monster count
 F = Vault count percentage of total count
                 A         B        C        D         E       F
            +---------+---------+-------+---------+---------+-------
      Total |   10175 |    5045 |  33.1 |     194 |      99 |  33.8
            +---------+---------+-------+---------+---------+-------
        D:1 |      22 |       0 |   0.0 |      13 |       0 |   0.0
        D:2 |      52 |       0 |   0.0 |      13 |       0 |   0.0
        D:3 |      62 |     272 |  81.4 |       7 |       1 |  12.5
        D:4 |     491 |     228 |  31.7 |      15 |      17 |  53.1
        D:5 |     511 |    1226 |  70.6 |      30 |      18 |  37.5
        D:6 |     297 |     165 |  35.7 |       9 |       1 |  10.0
        D:7 |     577 |       0 |   0.0 |      12 |       0 |   0.0
        D:8 |    2693 |       0 |   0.0 |      26 |       0 |   0.0
        D:9 |     978 |     888 |  47.6 |      14 |       2 |  12.5
       D:10 |    3474 |     864 |  19.9 |      30 |       1 |   3.2
       D:11 |    1018 |     669 |  39.7 |      25 |       9 |  26.5
      Sewer |       0 |     402 | 100.0 |       0 |      48 | 100.0
   Gauntlet |       0 |     331 | 100.0 |       0 |       2 | 100.0
            +---------+---------+-------+---------+---------+-------
